 Dungeon Crawl Stone Soup version 0.22.1-1-ga44c0e56f4 (webtiles) character file.

133 Peloso the Covered (level 4, -4/41 HPs)
             Began as a Minotaur Fighter on Oct 28, 2018.
             Slain by an iguana (10 damage)
             ... on level 2 of the Dungeon.
             The game lasted 00:03:25 (1856 turns).

Peloso the Covered (Minotaur Fighter)               Turns: 1856, Time: 00:03:26

Health: -4/41      AC: 12    Str: 21    XL:     4   Next: 93%
Magic:  3/3        EV:  4    Int:  5    God:
Gold:   164        SH:  9    Dex: 10    Spells: 3/3 levels left

rFire    . . .     SeeInvis .   a - +0 long sword
rCold    . . .     Gourm    .   c - +0 shield
rNeg     . . .     Faith    .   b - +0 plate armour
rPois    .         Spirit   .   (helmet restricted)
rElec    .         Reflect  .   (no cloak)
rCorr    .         Harm     .   (no gloves)
MR       +....                  (no boots)
Stlth    ..........             m - amulet of rage
HPRegen  0.13/turn              l - ring of protection from magic
MPRegen  0.08/turn              (no ring)

@: no status effects
A: retaliatory headbutt, horns 2
a: Evoke Berserk Rage


You were on level 2 of the Dungeon.
You were not hungry.

You visited 1 branch of the dungeon, and saw 3 of its levels.

You collected 164 gold pieces.

Inventory:

Hand Weapons
 a - a +0 long sword (weapon)
Armour
 b - a +0 plate armour (worn)
 c - a +0 shield (worn)
Jewellery
 l - a ring of protection from magic (left hand)
 m - an amulet of rage (around neck)
Scrolls
 g - a scroll of fear {unknown}
 h - 2 scrolls of identify {unknown}
 j - a scroll of noise {unknown}
 k - 3 scrolls of teleportation {unknown}
Potions
 d - a potion of might
 e - a potion of flight {unknown}
 i - 5 potions of haste {unknown}
 n - a potion of curing {unknown}
Comestibles
 f - 6 rations


   Skills:
 + Level 4.3 Fighting
 + Level 3.6 Long Blades
 + Level 4.8 Armour
 + Level 0.5 Dodging
 + Level 4.6 Shields


You had 3 spell levels left.
You didn't know any spells.
Your spell library was empty.

Dungeon Overview and Level Annotations

Branches:
Dungeon (3/15)

Altars:
Dithmenos


Innate Abilities, Weirdness & Mutations

You reflexively headbutt those who attack you in melee.
You have a pair of horns on your head.


Message History

You block the iguana's attack. You block the iguana's attack.
Things that are here:
an enchanted mace; a club; a gnoll corpse Unknown command.
You barely miss the iguana. Your headbutt misses the iguana.
The iguana is moderately wounded.
You block the iguana's attack.
The iguana bites you but does no damage.
You closely miss the iguana.
The iguana is moderately wounded.
The iguana bites you!
* * * LOW HITPOINT WARNING * * *
Unknown command.
You closely miss the iguana. You headbutt the iguana.
The iguana is moderately wounded.
You block the iguana's attack.
Unknown command.
The iguana bites you!
You die...

#.#.#†###.#
##.....##
#<.###.##.# ##...##
#.#.#.###.# ##+##
#.........# #.#
#####.##### #.#
#......#######.##
#..###..........##
#..# #.#####.....#
#.@###.# #....###
#..l...# #.#.##..
#..)...# #......#
######.#####.#.####
#.......#.#
#########.#
########### #.#
#.........####.####
#.#######.#........


You could see an iguana.

Vanquished Creatures
  An orc priest (D:2)
  A gnoll (D:2)
  4 adders (D:2)
  A worm (D:2)
  A dart slug (D:1)
  A leopard gecko (D:3)
  3 orcs (D:3)
  8 bats
  8 giant cockroaches
  3 goblins
  6 hobgoblins
  A quokka (D:2)
  A frilled lizard (D:2)
  4 kobolds
  6 rats
49 creatures vanquished.

Notes
Turn   | Place    | Note
-------+----------+-------------------------------------------
     0 | D:1      | Peloso the Minotaur Fighter began the quest for the Orb.
     0 | D:1      | Reached XP level 1. HP: 19/19 MP: 0/0
    85 | D:1      | Reached XP level 2. HP: 24/27 MP: 1/1
   559 | D:2      | Found a shadowy altar of Dithmenos.
   627 | D:2      | Reached XP level 3. HP: 33/33 MP: 2/2
  1377 | D:3      | Reached XP level 4. HP: 36/40 MP: 3/3
  1856 | D:2      | Slain by an iguana

Skill      XL: |  1  2  3  4 |
---------------+-------------+-----
Armour         | 4 |  4.8
Fighting       | 4 |  4.3
Shields        | 4 |  4.6
Long Blades    | 3 |  3.6
Dodging        | |  0.5

Action                   |  1- 3 |  4- 6 || total
-------------------------+-------+-------++-------
Melee: Long sword        |    81 |    44 ||   125
       Headbutt          |    12 |     6 ||    18
  Eat: Chunk             |     1 |     2 ||     3
Armor: Scale mail        |    38 |       ||    38
       Plate armour      |     9 |    31 ||    40
Dodge: Dodged            |    34 |    10 ||    44
Block: Shield            |    54 |    40 ||    94
       Rpst.: Long sword |    12 |       ||    12
